 Dungeon Crawl Stone Soup version 0.27.1 (webtiles) character file.

Game seed: 13048412614663826671

0 hawla the Sneak (level 1, -3/13 HPs)
             Began as a Deep Elf Delver on Aug 22, 2021.
             Slain by a hound skeleton (4 damage)
             ... on level 4 of the Dungeon.
             The game lasted 00:00:40 (45 turns).

hawla the Sneak (Deep Elf Delver)                     Turns: 45, Time: 00:00:41

Health: -3/13      AC:  4    Str:  9    XL:     1   Next: 0%
Magic:  3/3        EV: 12    Int: 14    God:
Gold:   0          SH:  0    Dex: 16    Spells: 0/0 levels left

rFire    . . .     SeeInvis .   a - +0 short sword
rCold    . . .     Faith    .   (no shield)
rNeg     . . .     Spirit   .   b - +0 leather armour
rPois    +         Reflect  .   (no helmet)
rElec    .         Harm     .   (no cloak)
rCorr    .         Rampage  .   h - +0 pair of gloves
Will     .....                  (no boots)
Stlth    +++.......             (no amulet)
HPRegen  0.04/turn              j - ring of poison resistance
MPRegen  0.08/turn              (no ring)

@: no status effects
A: no striking features
a: no special abilities


You were on level 4 of the Dungeon.
You visited 1 branch of the dungeon, and saw 2 of its levels.

Inventory:

Hand Weapons
 a - a +0 short sword (weapon)
Armour
 b - a +0 leather armour (worn)
 h - a +0 pair of gloves (worn)
Jewellery
 j - a ring of poison resistance (left hand)
Wands
 g - a wand of digging (3)
 i - a wand of iceblast (10)
Scrolls
 c - a scroll of fog
 d - a scroll of magic mapping
Potions
 f - a potion of haste


   Skills:
 + Level 2.4 Fighting
 + Level 2.0 Short Blades
 + Level 2.4 Dodging
 + Level 6.0 Stealth


You couldn't memorise any spells.
You didn't know any spells.
Your spell library was empty.

Dungeon Overview and Level Annotations

Branches:
Dungeon (5/15)
 Temple: D:4-7

Altars:


Message History

You see here a +0 leather armour.
You see here a +0 pair of gloves.
You start putting on your armour.
You continue putting on your +0 pair of gloves. x4
You finish putting on your +0 pair of gloves.
i - a wand of iceblast (10)
j - a ring of poison resistance
j - a ring of poison resistance (left hand)
Found a trident.
Found a stone staircase leading down.
Found an escape hatch in the floor.
There is an escape hatch in the ceiling here.
A mysterious force pulls you upwards. The hatch slams shut behind you.
Found a stone staircase leading down.
There is a stone staircase leading down here.
A hound skeleton comes into view.
A centaur comes into view.
You hit the centaur but do no damage. The centaur misses you.
The centaur barely misses you.
You barely miss the centaur.
The centaur hits you but does no damage.
The centaur barely misses you. The centaur hits you.
The centaur barely misses you.
You hit the centaur but do no damage. The centaur misses you.
The centaur kicks you.
Okay, then.
You hit the centaur.
The centaur is lightly wounded.
The centaur barely misses you.
The centaur kicks you but does no damage.
The centaur hits you. The centaur kicks you.
* * * LOW HITPOINT WARNING * * *
As you read the scroll of fear, it crumbles to dust.
You assume a fearsome visage.
The hound skeleton is unaffected.
The centaur looks frightened!
The hound skeleton bites you but does no damage.
You barely miss the hound skeleton. The hound skeleton misses you.
You hit the hound skeleton.
The hound skeleton is lightly damaged.
The hound skeleton bites you.
You die...

.......... ..........
#........# .......#.#..
.#........#
.......#.#..#.#........#
#.....#.##.#.#........#
##.......##.#.#........#
.........# ...#........#
.........# #..#.Z......#
.......#.# #..#.@...c..#
.......#.###..#.###.####
.......#......#.###.##
...#.........>.........
...#.###.....###.......
.. #. #.....# ....... .
#. #.....# .......
#.....# ....... ........
.......


You could see a centaur (fleeing) and a hound skeleton.

Vanquished Creatures (others)
  A plant (D:5)
1 creature vanquished.

Notes
Turn   | Place    | Note
-------+----------+-------------------------------------------
     0 | D:5      | hawla the Deep Elf Delver began the quest for the Orb.
     0 | D:5      | Reached XP level 1. HP: 13/13 MP: 3/3
    37 | D:4      | Noticed a centaur
    45 | D:4      | Slain by a hound skeleton

Illustrated notes

Levels and vault maps discovered:
D:4:      layout_basic, serial_shops, kennysheep_mini
D:5:      layout_cave_pools, lemuel_doored_altar,
          nicolae_overflow_hidden_temple, okawaru_trees_1, serial_bayou,
          serial_bayou_pond_d, serial_bayou_lake_a, serial_bayou_crossing,
          serial_bayou_pond_b, serial_bayou_pond_a, gammafunk_ghost_cemetery,
          uniq_grinder

Action                   || total
-------------------------++-------
Melee: Short sword       ||     6
  Use: Scroll            ||     1
Armor: Leather armour    ||     3
Dodge: Dodged            ||     7
